 Dungeon Crawl Stone Soup version 0.27-a0-1434-g6f15984924 (webtiles) character file.

Game seed: 2148984356980487942

51 epicjoe the Skirmisher (level 3, -3/34 HPs)
             Began as a Minotaur Fighter on July 3, 2021.
             Slain by a worm (7 damage)
             ... on level 2 of the Dungeon.
             The game lasted 00:06:05 (1356 turns).

epicjoe the Skirmisher (Minotaur Fighter)           Turns: 1356, Time: 00:06:06

Health: -3/34      AC:  7    Str: 21    XL:     3   Next: 58%
Magic:  2/2        EV:  7    Int:  5    God:
Gold:   124        SH:  9    Dex:  9    Spells: 2/2 levels left

rFire    + . .     SeeInvis .   a - +0 war axe
rCold    x . .     Faith    .   c - +0 kite shield
rNeg     . . .     Spirit   .   b - +0 scale mail
rPois    .         Reflect  .   (helmet restricted)
rElec    .         Harm     .   (no cloak)
rCorr    .         Rampage  .   (no gloves)
Will     .....                  (no boots)
Stlth    ..........             (no amulet)
HPRegen  0.11/turn              e - ring of fire
MPRegen  0.08/turn              (no ring)

@: no status effects
A: horns 2, retaliatory headbutt
a: no special abilities


You were on level 2 of the Dungeon.
You visited 1 branch of the dungeon, and saw 2 of its levels.

You collected 124 gold pieces.

Inventory:

Hand Weapons
 a - a +0 war axe (weapon)
Missiles
 g - 6 datura-tipped darts (quivered)
Armour
 b - a +0 scale mail (worn)
 c - a +0 kite shield (worn)
Jewellery
 e - a ring of fire (left hand)
Scrolls
 f - 3 scrolls of identify {unknown}
 h - a scroll of noise {unknown}
 i - 2 scrolls of teleportation {unknown}
 l - a scroll of magic mapping {unknown}
Potions
 d - a potion of might
 j - a potion of magic {unknown}
 k - a potion of attraction {unknown}


   Skills:
 + Level 4.4 Fighting
 + Level 3.0 Axes
 + Level 4.2 Armour
 + Level 0.4 Dodging
 + Level 4.0 Shields


You had 2 spell levels left.
You didn't know any spells.
Your spell library contained the following spells:

 Spells                   Type           Power      Damage    Failure   Level
 Corona                   Hex            0%         N/A       99%         1
 Ensorcelled Hibernation  Hex/Ice        0%         N/A       100%        2
 Tukima's Dance           Hex            0%         N/A       100%        3


Dungeon Overview and Level Annotations

Branches:
Dungeon (2/15)

Altars:


Innate Abilities, Weirdness & Mutations

You have a pair of horns on your head.
You reflexively headbutt those who attack you in melee.


Message History

The gnoll hits you but does no damage. You block the adder's attack.
The quokka bites you but does no damage.
You block the rat's attack.
You barely miss the worm. Your headbutt misses the worm.
The worm is lightly wounded.
You closely miss the rat. You hit the adder. You hit the quokka.
You closely miss the gnoll. The adder bites you.
The gnoll hits you but does no damage.
The quokka bites you but does no damage.
You block the rat's attack. You block the adder's attack. The worm bites you.
A rat comes into view.
The quokka bites you.
You hit the worm.
The worm is moderately wounded.
You barely miss the gnoll. You closely miss the quokka. You miss the adder.
You closely miss the rat. The adder bites you. You block the rat's attack.
You block the quokka's attack. The adder barely misses you. The worm bites you!
* * * LOW HITPOINT WARNING * * *
You block the rat's attack. The gnoll hits you with a +0 club.
* * * LOW HITPOINT WARNING * * *
You block the quokka's attack. The worm closely misses you.
You block the adder's attack. The rat bites you.
* * * LOW HITPOINT WARNING * * *
You block the adder's attack.
The quokka twitches its whiskers.
The rat bites you but does no damage.
A hobgoblin comes into view.
The hobgoblin shouts!
The hobgoblin moves out of view.
A worm comes into view.
You block the hobgoblin's attack. The adder barely misses you.
You block the hobgoblin's attack.
You hit the hobgoblin.
You kill the hobgoblin!
You hit the worm. You barely miss the adder. The adder barely misses you.
You furiously retaliate!
You headbutt the adder. The adder bites you.
* * * LOW HITPOINT WARNING * * *
The worm bites you!
You die...

##................
.####...........
#.# #...........
#.#####..........
#....#...r.......
#.............
##...)...=....
######r†..........
#@Srggwg.####.....
#w†######......#...
...... ...#####.##
.........
##.....#.#
.........##
####.#.# .........#
#.#.## .........#
#..<.# ##########
#.......#†.
#.......##.


You could see 2 worms, 3 gnolls, an adder, a quokka and a rat.

Vanquished Creatures
  3 dart slugs (D:1)
  A ball python (D:1)
  5 endoplasms (D:1)
  2 giant cockroaches (D:1)
  7 goblins
  5 hobgoblins
  3 jackals (D:1)
  A quokka (D:2)
  5 bats
  3 frilled lizards
  6 kobolds (D:1)
  A rat (D:1)
42 creatures vanquished.

Vanquished Creatures (others)
  2 plants (D:1)
2 creatures vanquished.

Grand Total: 44 creatures vanquished

Notes
Turn   | Place    | Note
-------+----------+-------------------------------------------
     0 | D:1      | epicjoe the Minotaur Fighter began the quest for the Orb.
     0 | D:1      | Reached XP level 1. HP: 19/19 MP: 0/0
   626 | D:1      | Reached XP level 2. HP: 27/27 MP: 1/1
   924 | D:1      | Reached XP level 3. HP: 30/33 MP: 2/2
  1356 | D:2      | Slain by a worm

Illustrated notes

Levels and vault maps discovered:
D:1:      eino_arrival_druids_welcome, layout_loops_ring, minmay_hexomino_c4
D:2:      layout_rooms, serial_shops, nicolae_shop_competitors_out_of_business,
          kennysheep_generic_room_8

Skill      XL: |  1  2  3 |
---------------+----------+-----
Fighting       | 4 |  4.4
Armour         | 4 |  4.2
Shields        | 4 |  4.0
Axes           | 3 |  3.0
Dodging        | |  0.4

Action                   || total
-------------------------++-------
Melee: War axe           ||    89
       Headbutt          ||    16
Armor: Scale mail        ||    46
Dodge: Dodged            ||    33
Block: Kite shield       ||    62

Table legend: (Time is in decaauts)
 A = Elapsed time spent in this place.
 B = Non-inter-level travel time spent in this place.
 C = Inter-level travel time spent in this place.
 D = Time resting spent in this place.
 E = Time spent auto-exploring this place.
 F = Levels seen in this place.
 G = Mean time per level.
                   A        B        C        D        E       F      G
               +--------+--------+--------+--------+--------+-----+--------+
         Total |   1408 |   1221 |    187 |    436 |     78 |   2 |  704.0 |
       Dungeon |   1408 |   1221 |    187 |    436 |     78 |   2 |  704.0 |
               +--------+--------+--------+--------+--------+-----+--------+

Top non-repeatable levels by time:
     D:1: 1155 daAuts
     D:2: 253 daAuts
